 Dungeon Crawl Stone Soup version 0.28.0-1-gb440e238dd (webtiles) character file.

Game seed: 6637353038701198810

72 joshe the Grave Robber (level 4, -5/24 HPs)
             Began as a Vampire Necromancer on Feb 25, 2022.
             Slain by Sigmund (10 damage)
             ... on level 2 of the Dungeon.
             The game lasted 00:14:07 (1655 turns).

joshe the Grave Robber (Vampire Necromancer)        Turns: 1655, Time: 00:14:08

Health: -5/24      AC:  2    Str:  7    XL:     4   Next: 6%
Magic:  5/7        EV: 12    Int: 19    God:
Gold:   105        SH:  0    Dex: 14    Spells: 2/7 levels left

rFire   . . .      SeeInvis +   g - +0 short sword
rCold   + + .      Faith    .   (no shield)
rNeg    + + +      Spirit   .   a - +0 robe
rPois   ∞          Reflect  .   (no helmet)
rElec   .          Harm     .   (no cloak)
rCorr   .          Rampage  .   (no gloves)
Will    .....                   (no boots)
Stlth   +++.......              (no amulet)
HPRegen 0.00/turn               (no ring)
MPRegen 0.10/turn               (no ring)

@: confused, bloodless, inhibited regen
A: bloodless, fangs 3, see invisible, vampiric 2
a: Bat Form, Revivify


You were on level 2 of the Dungeon.
You visited 1 branch of the dungeon, and saw 2 of its levels.

You collected 105 gold pieces.

Inventory:

Hand Weapons
 g - a +0 short sword (weapon)
Armour
 a - a +0 robe (worn)
Scrolls
 b - 3 scrolls of blinking {unknown}
 c - a scroll of magic mapping {unknown}
 e - 3 scrolls of amnesia {unknown}
 f - a scroll of identify {unknown}


   Skills:
 - Level 2.1 Dodging
 - Level 3.0 Stealth
 + Level 2.3 Spellcasting
 - Level 6.0 Necromancy


You had 2 spell levels left.
You knew the following spells:

 Your Spells              Type           Power      Damage    Failure   Level
a - Pain                  Necr           100%       1d9       1%          1
b - Animate Skeleton      Necr           50%        N/A       1%          1
c - Vampiric Draining     Necr           25%        2d7       4%          3

Your spell library contained the following spells:

 Spells                   Type           Power      Damage    Failure   Level
 Animate Dead             Necr           12%        N/A       14%         4
 Agony                    Necr           25%        N/A       36%         5


Dungeon Overview and Level Annotations

Branches:
Dungeon (2/15)

Altars:

Annotations:
D:2 Sigmund


Innate Abilities, Weirdness & Mutations

You do not regenerate when monsters are visible.
You are frail without blood (-20% HP).
You can heal yourself when you bite living creatures.
You are immune to poison.
You have razor-sharp teeth.
You have supernaturally acute eyesight. (SInv)
You are afflicted with vampirism and can become a bat while bloodless.


Message History

Things that are here:
a +0 club; a +0 leather armour; an orc corpse
Casting: Pain (safe; 1% risk of failure)
Confirm with . or Enter, or press ? or * to list all spells.
Okay, then.
This spell is quite dangerous to cast!
Memorise Vampiric Draining, consuming 3 spell levels and leaving 2?
You start memorising the spell.
You continue memorising. x3
You finish memorising.
Spell assigned to 'c'.
Casting: Pain (safe; 1% risk of failure)
Confirm with . or Enter, or press ? or * to list all spells.
Okay, then.
Found a stone staircase leading down.
Sigmund is nearby!
Sigmund shouts!
Sigmund writhes in agony.
Sigmund drinks a potion.
Sigmund seems to speed up.
Sigmund writhes in agony.
Sigmund barely resists.
Sigmund casts a spell at you. You resist with some effort.
Sigmund points at you and mumbles some strange words.
You are confused.
Okay, then.
You aren't carrying any potions.
Sigmund gestures at you while chanting.
You are more confused.
Sigmund barely misses you.
You bump into the rock wall.
Sigmund barely misses you.
Sigmund hits you from afar with a +0 scythe!
You bump into the rock wall.
Sigmund hits you from afar with a +0 scythe.
Sigmund hits you from afar with a +0 scythe.
* * * LOW HITPOINT WARNING * * *
You bump into the rock wall.
Sigmund gestures at you while chanting.
You are more confused.
Sigmund barely misses you.
You bump into the rock wall.
Sigmund hits you from afar with a +0 scythe!
You die...

#.######## #. ##.#.. ##.##
##..#># ##...## ########...#.#
..... .......<.....## ...###
########......#### #.... ######
##...#....# #..#
....)####.....##.####..# #.#
.###..).........@.@....# #.# .#
#....)..#..##.#####.# #.#
.###.##...........# #.# #.#
..[..####..#...#..####.# #.#
.#.#.# #..##..#>......# #.#
.#.#.# #..##..##.##########.####
...#.####..##..##.##....÷........
.###.......###.##.(....####.#.###
.......>....##.##.....)# #.#.#


You could see Sigmund (fast).

Vanquished Creatures
  3 adders (D:2)
  A dart slug (D:1)
  5 orcs (D:2)
  3 ball pythons
  2 endoplasms
  4 giant cockroaches
  4 goblins
  4 hobgoblins
  2 jackals (D:1)
  2 kobolds
  3 rats
33 creatures vanquished.

Notes
Turn   | Place    | Note
-------+----------+-------------------------------------------
     0 | D:1      | joshe the Vampire Necromancer began the quest for the Orb.
     0 | D:1      | Reached XP level 1. HP: 13/13 MP: 3/3
   202 | D:1      | Reached XP level 2. HP: 16/19 MP: 0/5
   279 | D:1      | Reached skill level 5 in Necromancy
   700 | D:1      | Learned a level 1 spell: Animate Skeleton
   763 | D:2      | Gained mutation: You are afflicted with vampirism and can
                  | become a bat while bloodless. [Vampire growth]
   763 | D:2      | Reached XP level 3. HP: 16/19 MP: 1/6
  1294 | D:2      | Reached skill level 6 in Necromancy
  1339 | D:2      | Noticed Sigmund
  1347 | D:2      | Reached XP level 4. HP: 24/24 MP: 2/7
  1615 | D:2      | Learned a level 3 spell: Vampiric Draining
  1655 | D:2      | Slain by Sigmund

Illustrated notes

Levels and vault maps discovered:
D:1:      ncdulo_lavacross, layout_rooms
D:2:      layout_loops_ring, uniq_sigmund

Skill      XL: |  1  2  3 |
---------------+----------+-----
Necromancy     | 5 6 |  6.0
Dodging        | |  2.1
Stealth        | |  3.0
Spellcasting   | |  2.3

Action                   |  1- 3 |  4- 6 || total
-------------------------+-------+-------++-------
Melee: Unarmed           |     2 |       ||     2
 Cast: Pain              |    61 |     6 ||    67
       Animate Skeleton  |     1 |       ||     1
 Abil: Exsanguinate      |     1 |       ||     1
Armor: Robe              |     1 |       ||     1
Dodge: Dodged            |     8 |     4 ||    12
